3AAA
AUGUSTA TIMBER HAWKS @ HAMILTON COYOTES
09/06/2030
 
TOP OF THE 1ST
Augusta Timber Hawks batting - Pitching for Hamilton Coyotes : LHP Jason Schneider
Pitching: LHP Jason Schneider
Batting: RHB Emmanuele Lucchetti 0-0: Swinging Strike
0-1: Ball
1-1: Swinging Strike
1-2: Ball
2-2: TRIPLE (Flyball, 8RXD)
Batting: LHB José Pérez 0-0: Swinging Strike
0-1: Ball
1-1: Swinging Strike
1-2: Foul Ball, location: 2F
1-2: Ball
2-2: Foul Ball, location: 2F
2-2: SINGLE (Line Drive, 4M)
Emmanuele Lucchetti scores
Batting: RHB Dave Yates 0-0: Foul Ball, location: 2F
0-1: Ball
1-1: Ball
2-1: Fielders Choice at 2nd, 1-6 (Groundball, P)
Batting: RHB Juan Chávez 0-0: Ball
1-0: Fly out, F7 (Flyball, 78M)
Batting: RHB Jaime Cruz 0-0: Ball
1-0: SINGLE (Groundball, 2L) (infield hit)
Dave Yates to second
Batting: RHB Jesús Recesvinto 0-0: Called Strike
Dave Yates steals 3rd base
0-1: Ball
1-1: Ball
2-1: Fly out, F6 (Line Drive, 6M)
Top of the 1st over - 1 run, 3 hits, 0 errors, 2 left on base; Augusta 1 - Hamilton 0
BOTTOM OF THE 1ST
Hamilton Coyotes batting - Pitching for Augusta Timber Hawks : RHP Won-u Yi
Pitching: RHP Won-u Yi
Batting: LHB Ken Stroud 0-0: Ball
1-0: Ball
2-0: Ball
3-0: Called Strike
3-1: Base on Balls
Batting: RHB Duane Wills 0-0: Called Strike
Ken Stroud steals 2nd base
0-1: Called Strike
0-2: Ball
1-2: Ball
2-2: Ball
3-2: Foul Ball, location: 2F
3-2: Strikes out swinging, 2-3 out at first.
Batting: LHB José Gómez 0-0: Swinging Strike
0-1: Foul Ball, location: 2F
0-2: Ball
1-2: Foul Ball, location: 2F
1-2: Ball
2-2: Ball
3-2: Ground out 6-3 (Groundball, 6)
Ken Stroud to third
Batting: LHB Andrés Chávez 0-0: Ball
1-0: Ball
2-0: Swinging Strike
2-1: Foul Ball, location: 2F
2-2: Foul Ball, location: 2F
2-2: Strikes out looking
Bottom of the 1st over - 0 runs, 0 hits, 0 errors, 1 left on base; Augusta 1 - Hamilton 0
TOP OF THE 2ND
Augusta Timber Hawks batting - Pitching for Hamilton Coyotes : LHP Jason Schneider
Batting: SHB Nobuhisa Hatoyama 0-0: SINGLE (Line Drive, 6D)
Batting: LHB Juan Gabriel 0-0: Ball
1-0: Ball
2-0: Called Strike
2-1: Called Strike
2-2: Ball
3-2: Strikes out looking
Nobuhisa Hatoyama steals 2nd base
Batter strikes out.
Batting: LHB Juan Alvarado 0-0: Called Strike
0-1: Ground out 3-1 (Groundball, 3D)
Nobuhisa Hatoyama to third
Batting: RHB Emmanuele Lucchetti 0-0: Swinging Strike
0-1: Ball
1-1: Called Strike
1-2: Foul Ball, location: 2F
1-2: Foul Ball, location: 2F
1-2: Fly out, F9 (Flyball, 89D)
Top of the 2nd over - 0 runs, 1 hit, 0 errors, 1 left on base; Augusta 1 - Hamilton 0
BOTTOM OF THE 2ND
Hamilton Coyotes batting - Pitching for Augusta Timber Hawks : RHP Won-u Yi
Batting: SHB Martín Marrero 0-0: Fly out, F9 (Flyball, 89M)
Batting: RHB Jesús Soto 0-0: Swinging Strike
0-1: Called Strike
0-2: Ball
1-2: Ball
2-2: Ball
3-2: Strikes out swinging
Batting: RHB Juanito González 0-0: Ground out 5-3 (Groundball, 5S)
Bottom of the 2nd over - 0 runs, 0 hits, 0 errors, 0 left on base; Augusta 1 - Hamilton 0
TOP OF THE 3RD
Augusta Timber Hawks batting - Pitching for Hamilton Coyotes : LHP Jason Schneider
Batting: LHB José Pérez 0-0: Called Strike
0-1: Called Strike
0-2: Ball
1-2: Foul Ball, location: 2F
1-2: Ball
2-2: Fly out, F9 (Flyball, 9LM)
Batting: RHB Dave Yates 0-0: Ball
1-0: Foul Ball, location: 2F
1-1: Called Strike
1-2: Foul Ball, location: 2F
1-2: SOLO HOME RUN (Flyball, 7D), Distance : 366 ft
Batting: RHB Juan Chávez 0-0: Called Strike
0-1: Ball
1-1: Foul Ball, location: 2F
1-2: Foul Ball, location: 2F
1-2: Ball
2-2: Strikes out looking
Batting: RHB Jaime Cruz 0-0: Called Strike
0-1: Ball
1-1: Ground out 6-3 (Groundball, 6M)
Top of the 3rd over - 1 run, 1 hit, 0 errors, 0 left on base; Augusta 2 - Hamilton 0
BOTTOM OF THE 3RD
Hamilton Coyotes batting - Pitching for Augusta Timber Hawks : RHP Won-u Yi
Batting: RHB Warren Martin 0-0: Ball
1-0: Swinging Strike
1-1: Foul Ball, location: 2F
1-2: Ball
2-2: Ground out 1-3 (Groundball, 15)
Batting: LHB Mike Gardner 0-0: Fly out, F5 (Popup, 5S)
Batting: LHB Ken Stroud 0-0: Ball
1-0: Ball
2-0: Called Strike
2-1: Ball
3-1: Foul Ball, location: 2F
3-2: Base on Balls
Batting: RHB Duane Wills 0-0: Ball
1-0: SINGLE (Groundball, 6MD)
Ken Stroud to second
Runner from 2nd tries for 3rd, SAFE, throw made to third
Batting: LHB José Gómez 0-0: Ball
1-0: Ball
2-0: Called Strike
2-1: Ball
3-1: Fly out, F7 (Flyball, 7LS)
Bottom of the 3rd over - 0 runs, 1 hit, 0 errors, 2 left on base; Augusta 2 - Hamilton 0
TOP OF THE 4TH
Augusta Timber Hawks batting - Pitching for Hamilton Coyotes : LHP Jason Schneider
Batting: RHB Jesús Recesvinto 0-0: Fly out, F4 (Popup, 34S)
Batting: SHB Nobuhisa Hatoyama 0-0: Ball
1-0: Foul Ball, location: 2F
1-1: Foul Ball, location: 2F
1-2: Foul Ball, location: 2F
1-2: Ball
2-2: Foul Ball, location: 2F
2-2: Ground out 4-3 (Groundball, 4)
Batting: LHB Juan Gabriel 0-0: Foul Ball, location: 2F
0-1: Ball
1-1: Ball
2-1: Ball
3-1: Called Strike
3-2: Reached on error, E5 (Groundball, 5L)
Batting: LHB Juan Alvarado 0-0: Ball
1-0: Ball
2-0: Ball
3-0: Called Strike
3-1: Called Strike
3-2: Foul Ball, location: 2F
3-2: Foul Ball, location: 2F
3-2: Strikes out swinging, 2-3 out at first.
Top of the 4th over - 0 runs, 0 hits, 1 error, 1 left on base; Augusta 2 - Hamilton 0
BOTTOM OF THE 4TH
Hamilton Coyotes batting - Pitching for Augusta Timber Hawks : RHP Won-u Yi
Batting: LHB Andrés Chávez 0-0: Ball
1-0: Ball
2-0: Called Strike
2-1: Called Strike
2-2: Strikes out swinging
Batting: SHB Martín Marrero 0-0: Called Strike
0-1: Ball
1-1: Ball
2-1: Ground out 4-3 (Groundball, 4MS)
Batting: RHB Jesús Soto 0-0: Fly out, F8 (Flyball, 8RS)
Bottom of the 4th over - 0 runs, 0 hits, 0 errors, 0 left on base; Augusta 2 - Hamilton 0
TOP OF THE 5TH
Augusta Timber Hawks batting - Pitching for Hamilton Coyotes : LHP Jason Schneider
Batting: RHB Emmanuele Lucchetti 0-0: Ball
1-0: Foul Ball, location: 2F
1-1: Ball
2-1: Ground out 5-3 (Groundball, 56S)
Batting: LHB José Pérez 0-0: Called Strike
0-1: Ball
1-1: Ball
2-1: SINGLE (Groundball, 4MD)
Batting: RHB Dave Yates 0-0: Called Strike
0-1: Ball
1-1: Called Strike
1-2: Ball
2-2: Ball
3-2: Foul Ball, location: 2F
3-2: Strikes out looking
Pitching: RHP Norberto Flores
Batting: RHB Juan Chávez 0-0: Ball
José Pérez is caught stealing 2nd base
Top of the 5th over - 0 runs, 1 hit, 0 errors, 0 left on base; Augusta 2 - Hamilton 0
BOTTOM OF THE 5TH
Hamilton Coyotes batting - Pitching for Augusta Timber Hawks : RHP Won-u Yi
Batting: RHB Juanito González 0-0: Called Strike
0-1: Ball
1-1: Fly out, F7 (Flyball, 7)
Batting: RHB Warren Martin 0-0: Ball
1-0: Foul Ball, location: 2F
1-1: Foul Ball, location: 2F
1-2: Ground out U3 (Groundball, 34)
Batting: LHB Mike Gardner 0-0: SOLO HOME RUN (Flyball, 9LD), Distance : 349 ft
Batting: LHB Ken Stroud 0-0: Foul Ball, location: 2F
0-1: Ball
1-1: Ball
2-1: SINGLE (Groundball, 56D)
Batting: RHB Duane Wills 0-0: Called Strike
Ken Stroud steals 2nd base
0-1: Ball
1-1: Ball
2-1: Called Strike
2-2: Ground out 4-3 (Groundball, 4M)
Bottom of the 5th over - 1 run, 2 hits, 0 errors, 1 left on base; Augusta 2 - Hamilton 1
TOP OF THE 6TH
Augusta Timber Hawks batting - Pitching for Hamilton Coyotes : RHP Norberto Flores
Batting: RHB Juan Chávez 0-0: Ball
1-0: Fly out, F8 (Flyball, 8RD)
Batting: RHB Jaime Cruz 0-0: Called Strike
0-1: Ball
1-1: Swinging Strike
1-2: Ball
2-2: Foul Ball, location: 2F
2-2: SINGLE (Flyball, 78M)
Batting: RHB Jesús Recesvinto 0-0: DOUBLE (Line Drive, 78D)
Jaime Cruz to third
Runner from 3rd tries for Home, SAFE, no throw
Batting: SHB Nobuhisa Hatoyama 0-0: Called Strike
0-1: SINGLE (Groundball, 4MD)
Jesús Recesvinto to third
Runner from 3rd tries for Home, SAFE, no throw
Batting: LHB Juan Gabriel 0-0: Ball
1-0: Ball
2-0: Called Strike
2-1: Foul Ball, location: 2F
2-2: Foul Ball, location: 2F
2-2: Foul Ball, location: 2F
2-2: Grounds into double play, 4-6-3 (Groundball, 4)
Top of the 6th over - 2 runs, 3 hits, 0 errors, 0 left on base; Augusta 4 - Hamilton 1
BOTTOM OF THE 6TH
Hamilton Coyotes batting - Pitching for Augusta Timber Hawks : RHP Won-u Yi
Batting: LHB José Gómez 0-0: Called Strike
0-1: Ball
1-1: Fly out, F7 (Flyball, 7)
Batting: LHB Andrés Chávez 0-0: Ball
1-0: Ball
2-0: Foul Ball, location: 2F
2-1: Swinging Strike
2-2: Ball
3-2: Base on Balls
Batting: SHB Martín Marrero 0-0: Ball
1-0: Ball
2-0: Foul Ball, location: 2F
Pickoff Throw to First - Out!
2-1: Foul Ball, location: 2F
2-2: Ball
3-2: Base on Balls
Pitching: RHP Iván Flores
Batting: RHB Jesús Soto 0-0: Ball
1-0: Ball
2-0: Reached on error, E6 (Groundball, 6D)
Martín Marrero to second
Batting: RHB Juanito González 0-0: Called Strike
0-1: Ball
1-1: Swinging Strike
1-2: Ball
2-2: Fly out, F7 (Flyball, 7S)
Bottom of the 6th over - 0 runs, 0 hits, 1 error, 2 left on base; Augusta 4 - Hamilton 1
TOP OF THE 7TH
Augusta Timber Hawks batting - Pitching for Hamilton Coyotes : RHP Norberto Flores
Batting: LHB Juan Alvarado 0-0: Foul Ball, location: 2F
0-1: Foul Ball, location: 2F
0-2: Ball
1-2: Ball
2-2: Strikes out looking
Batting: RHB Emmanuele Lucchetti 0-0: Ball
1-0: Foul Ball, location: 2F
1-1: Ground out U3 (Groundball, 34)
Batting: LHB José Pérez 0-0: Ground out 6-3 (Groundball, 56)
Top of the 7th over - 0 runs, 0 hits, 0 errors, 0 left on base; Augusta 4 - Hamilton 1
BOTTOM OF THE 7TH
Hamilton Coyotes batting - Pitching for Augusta Timber Hawks : RHP Iván Flores
Batting: RHB Warren Martin 0-0: Ball
1-0: Called Strike
1-1: Ball
2-1: SOLO HOME RUN (Line Drive, 9D), Distance : 336 ft
Batting: LHB Mike Gardner 0-0: Ball
1-0: Reached on error, E1 (Groundball, 13)
Batting: LHB Ken Stroud 0-0: Called Strike
0-1: Fly out, F5 (Line Drive, 56)
Batting: RHB Duane Wills 0-0: Ball
1-0: Called Strike
1-1: Fly out, F9 (Flyball, 89D)
Runner from 2nd tags up, SAFE at 3rd, no throw
Batting: LHB José Gómez 0-0: Ball
1-0: Ball
2-0: Ball
3-0: Called Strike
3-1: Base on Balls
Batting: LHB Andrés Chávez 0-0: Ball
1-0: Ball
2-0: Called Strike
2-1: Foul Ball, location: 2F
2-2: Fly out, F8 (Flyball, 8RM)
Bottom of the 7th over - 1 run, 1 hit, 1 error, 2 left on base; Augusta 4 - Hamilton 2
TOP OF THE 8TH
Augusta Timber Hawks batting - Pitching for Hamilton Coyotes : RHP Norberto Flores
Batting: RHB Dave Yates 0-0: Ball
1-0: Ball
2-0: Ball
3-0: Base on Balls
Batting: RHB Juan Chávez 0-0: Ball
1-0: Called Strike
1-1: Ground out 5-3 (Groundball, 56S)
Dave Yates to second
Pitching: RHP Matt Harris
Batting: RHB Jaime Cruz 0-0: Fly out, F8 (Line Drive, 78M)
Batting: RHB Jesús Recesvinto 0-0: Ball
1-0: Ball
2-0: SINGLE (Line Drive, 89S)
Dave Yates to third
Runner from 3rd tries for Home, SAFE, no throw
Batting: SHB Nobuhisa Hatoyama 0-0: Ball
1-0: Called Strike
1-1: Ball
2-1: Called Strike
2-2: Ball
3-2: TRIPLE (Line Drive, 9D)
Jesús Recesvinto scores
Batting: LHB Juan Gabriel 0-0: Ball
1-0: SINGLE (Groundball, 3D)
Nobuhisa Hatoyama scores
Batting: LHB Juan Alvarado 0-0: Called Strike
0-1: Foul Ball, location: 2F
0-2: Foul Ball, location: 2F
0-2: Ball
1-2: Ground out 4-3 (Groundball, 4)
Top of the 8th over - 3 runs, 3 hits, 0 errors, 1 left on base; Augusta 7 - Hamilton 2
BOTTOM OF THE 8TH
Hamilton Coyotes batting - Pitching for Augusta Timber Hawks : RHP Iván Flores
Now in RF: Jeremy Boyter
Batting: SHB Martín Marrero 0-0: Ball
1-0: Ball
2-0: Ball
3-0: Base on Balls
Batting: RHB Jesús Soto 0-0: Swinging Strike
0-1: Foul Ball, location: 2F
0-2: Fly out, F6 (Line Drive, 6)
Lined into DP, 6-3 (Line Drive, 6)
Batting: RHB Juanito González 0-0: Ball
1-0: Ground out 5-3 (Groundball, 56)
Bottom of the 8th over - 0 runs, 0 hits, 0 errors, 0 left on base; Augusta 7 - Hamilton 2
TOP OF THE 9TH
Augusta Timber Hawks batting - Pitching for Hamilton Coyotes : RHP Matt Harris
Batting: RHB Emmanuele Lucchetti 0-0: Swinging Strike
0-1: Swinging Strike
0-2: Ball
1-2: Strikes out swinging
Batting: LHB José Pérez 0-0: Ball
1-0: Swinging Strike
1-1: Foul Ball, location: 2F
1-2: Ball
2-2: Strikes out swinging, 2-3 out at first.
Batting: RHB Dave Yates 0-0: Foul Ball, location: 2F
0-1: Ball
1-1: Ball
2-1: Fly out, F9 (Flyball, 9)
Top of the 9th over - 0 runs, 0 hits, 0 errors, 0 left on base; Augusta 7 - Hamilton 2
BOTTOM OF THE 9TH
Hamilton Coyotes batting - Pitching for Augusta Timber Hawks : RHP Iván Flores
Now at 3B: Jorge López
Batting: RHB Warren Martin 0-0: Ball
1-0: Foul Ball, location: 2F
1-1: Called Strike
1-2: Ball
2-2: Foul Ball, location: 2F
2-2: SINGLE (Line Drive, 7S)
Batting: LHB Mike Gardner 0-0: Called Strike
0-1: 2-RUN HOME RUN (Flyball, 9LD), Distance : 335 ft
Pitching: RHP Brian Krick
Batting: LHB Ken Stroud 0-0: Ball
1-0: Ball
2-0: Called Strike
2-1: Swinging Strike
2-2: Ball
3-2: Strikes out swinging
Batting: RHB Duane Wills 0-0: Ball
1-0: Foul Ball, location: 2F
1-1: Called Strike
1-2: Ball
2-2: Foul Ball, location: 2F
2-2: DOUBLE (Flyball, 78D)
Batting: LHB José Gómez 0-0: Ball
1-0: Fly out, F9 (Flyball, 9)
Batting: LHB Andrés Chávez 0-0: Ground out U3 (Groundball, 3)
Bottom of the 9th over - 2 runs, 3 hits, 0 errors, 1 left on base; Augusta 7 - Hamilton 4
Sunday, March 18th, 2018 - OOTP Baseball 18.8 Build 76